cohdb
Replays
Latest Replays
All Replays
Popular Replays
Top Player Replays
Match Explorer
How It Works
Community
CoH3 Stats
Reddit
Sign in to upload your games and track your stats! →
Sign in with Steam
Match 42115797
Unlisted
Match 42115797
Overview
Messages
Build Orders
End
Scout Squad
Construct Barracks
1⁄4-ton 4x4 Truck
Selects Heavy Weapons
Riflemen Squad
Grenade Package
Riflemen Squad
Riflemen Squad
Selects Assault Carriers
Infantry Support Center
Construct Medical Station
Construct Motor Pool
M1 Anti-tank Gun Team
Selects Exchangeable Parts
M8 Greyhound Armored Car
M24 Chaffee Light Tank
M1 Anti-tank Gun Team
Engineer Squad
M24 Chaffee Light Tank
Engineer Squad
AI Takeover
Kitsuné
xizi20
0
0
Comments
sign in to comment!
No comments posted yet!